AoeStats
← VaimX

Hideout

509689222Analyzed
1v1 RM · 5d ago on Sep 27, 2026· 25m 20s· 2 players
Game mode
Random Map
Map size
Tiny (2 player)
Population
200
Speed
Normal
Resources
Standard
Victory
Conquest
Starting age
Dark Age
Ending age
Imperial Age
RankedLock teamsTeams togetherTeam positionsShared explorationLock speedFull tech treeHidden civsTurbo modeCheats
Victory
Defeat
🇨🇷 Mongols · Costa Rica
820
+15
🇪🇨 Britons · Ecuador
796
-15
VaimX
9:52 Feudal Age
11:26 Wheelbarrow
18:50 Castle Age
17:25 Gold Mining
18:44 Horse Collar
20:27 Stone Mining
21:57 Double-Bit Axe
25:18 Fletching
XRoronoaX7423
8:27 Feudal Age
10:21 Bloodlines
19:39 Fletching
22:06 Castle Age
20:10 Double-Bit Axe
20:22 Horse Collar
21:03 Fletching
21:24 Gold Mining
22:25 Forging
22:24 Scale Barding Armor
23:07 Husbandry
Connection lost

Rejoining the realm…

Still unreachable

The connection could not be restored.

Session expired

The server has moved on; the page needs a fresh start.